 Dungeon Crawl Stone Soup version 0.19-a0-148-g706f639 (webtiles) character file.

18 runewalsh the Chiller (level 2, -6/17 HPs)
             Began as an Octopode Ice Elementalist on May 19, 2016.
             Mangled by Uguorhud the merfolk
             ... wielding a +2 trident of freezing
             ... created by the player character
              (12 damage)
             ... on level 2 of the Dungeon.
             The game lasted 00:01:22 (478 turns).

runewalsh the Chiller (Octopode Ice Elementalist)    Turns: 478, Time: 00:01:22

Health: -6/17      AC:  1    Str:  5    XL:     2   Next: 66%
Magic:  5/5        EV:  7    Int: 17    God:
Gold:   31         SH:  0    Dex: 12    Spells: 1 memorised, 4 levels left

rFire  . . .     SeeInvis .     (no weapon)
rCold  . . .     Gourm    .     (no shield)
rNeg   . . .     Faith    .     (helmet restricted)
rPois  .         Spirit   .     (no amulet)
rElec  .         Dismiss  .     (no ring)
rCorr  .         Reflect  .     (no ring)
SustAt .         Harm     .     (no ring)
MR     .....                    (no ring)
Stlth  +++.......               (no ring)
                                (no ring)
                                (no ring)
                                (no ring)

@: not resistant to hostile enchantments, fairly stealthy
A: almost no armour, amphibious, 8 rings, constrict 8, camouflage 1, weak 1,
gelatinous body 1
a: no special abilities


You were on level 2 of the Dungeon.
You were not hungry.

You visited 1 branch of the dungeon, and saw 2 of its levels.

You collected 47 gold pieces.

Inventory:

Scrolls
 e - a scroll of amnesia {unknown}
Books
 a - a book of Frost

   Spells                             Type                      Level
   a - Freeze                         Ice                          1
   b - Throw Frost                    Conjuration/Ice              2
   c - Ozocubu's Armour               Charms/Ice                   3
   d - Throw Icicle                   Conjuration/Ice              4
   e - Summon Ice Beast               Ice/Summoning                4
Miscellaneous
 f - a plain deck of wonders {drawn: 6}
Comestibles
 b - a bread ration
 c - 2 chunks of flesh


   Skills:
 - Level 2.0 Dodging
 + Level 3.2 Stealth
 + Level 2.1 Spellcasting
   Level 1.0 Conjurations
 * Level 3.5 Ice Magic


You had 4 spell levels left.
You knew the following spells:

 Your Spells              Type           Power        Failure   Level  Hunger
a - Freeze                Ice            ##..         4%          1    #......


Dungeon Overview and Level Annotations

Branches:
Dungeon (2/15)

Altars:
Nemelex Xobeh


Innate Abilities, Weirdness & Mutations

You cannot wear most types of armour.
You are amphibious.
You can wear up to eight rings at the same time.
You can use your tentacles to constrict eight enemies at once.
Your skin changes colour to match your surroundings (Stealth).
Your rubbery body absorbs attacks (AC +1).
You are weak. (Str -2)


Message History

You climb downwards.
There is a stone staircase leading up here.
Unknown command.
A rat comes into view.
A rat is nearby!
A rat is nearby!
Evoke which item? (* to show all) (? for menu, Esc to quit)
You don't have any such object.
Evoke which item? (* to show all) (? for menu, Esc to quit)
You draw a card...
It is the Helix.
You feel weaker.
Evoke which item? (* to show all) (? for menu, Esc to quit)
You draw a card...
It is the Mercenary.
You cannot afford Uguorhud's fee of 316 gold!
Uguorhud attacks!
Uguorhud the merfolk comes into view. It is wielding a trident of freezing.
There is a stone staircase leading up here.
Uguorhud hits you from afar with a trident of freezing!
Ouch! That really hurt!
You die...

## .#
###.#.#..#
#.m......#
#.#.#.##.#
#@#.#
###r# ..
##


You could see Uguorhud the merfolk.

Vanquished Creatures
  A giant gecko (D:1)
  A bat (D:1)
  A giant cockroach (D:1)
  A goblin (D:1)
  4 hobgoblins (D:1)
  A giant newt (D:1)
  4 kobolds (D:1)
  3 rats (D:1)
16 creatures vanquished.

Notes
Turn   | Place    | Note
--------------------------------------------------------------
     0 | D:1      | runewalsh the Octopode Ice Elementalist began the quest for the Orb.
     0 | D:1      | Reached XP level 1. HP: 11/11 MP: 3/3
   121 | D:1      | Reached XP level 2. HP: 14/17 MP: 3/5
   301 | D:1      | Found a sparkling altar of Nemelex Xobeh.
   396 | D:1      | Noticed Zinic
   474 | D:2      | Gained mutation: You are weak. (Str -2) [helix card]
   475 | D:2      | Noticed Uguorhud
   478 | D:2      | Mangled by Uguorhud the merfolk

Vault maps used:
D:1:      onia_arrival_mini_maze, nemelex_deck
D:2:      first_bread

Skill      XL: |  1  2 |
---------------+-------+-----
Stealth        | 3 |  3.2
Dodging        | |  2.0
Spellcasting   | |  2.1
Conjurations   | |  1.0
Ice Magic      | |  3.5

Action                   || total
-------------------------++-------
Melee: Unarmed           ||    14
       Constrict         ||     6
       Tentacles         ||     4
 Cast: Freeze            ||    17
Evoke: Deck              ||     6
  Use: Potion            ||     1
 Stab: Sleeping          ||     1
Armor: Skin              ||     3
Dodge: Dodged            ||    14
